 Dungeon Crawl Stone Soup version 0.19.5 (webtiles) character file.

52 raph the Firebug (level 3, -2/28 HPs)
             Began as a Deep Elf Fire Elementalist on Apr 27, 2017.
             Slain by an adder (3 damage)
             ... on level 2 of the Dungeon.
             The game lasted 00:02:45 (1660 turns).

raph the Firebug (Deep Elf Fire Elementalist)       Turns: 1660, Time: 00:02:46

Health: -2/28      AC:  3    Str: 10    XL:     3   Next: 60%
Magic:  1/9        EV: 13    Int: 20    God:
Gold:   92         SH:  0    Dex: 15    Spells: 3 memorised, 2 levels left

rFire  . . .     SeeInvis .     h - +0 dagger
rCold  . . .     Gourm    .     a - +0 robe
rNeg   . . .     Faith    .     (no shield)
rPois  .         Spirit   .     (no helmet)
rElec  .         Reflect  .     e - +0 cloak
rCorr  .         Harm     .     (no gloves)
MR     .....                    (no boots)
Stlth  ..........               (no amulet)
                                (no ring)
                                (no ring)

@: berserking, lethally poisoned (-2 -> -17), very slightly contaminated, very
quick
A: no striking features
a: no special abilities


You were on level 2 of the Dungeon.
You were not hungry.

You visited 1 branch of the dungeon, and saw 2 of its levels.

You collected 92 gold pieces.

Inventory:

Hand Weapons
 h - a +0 dagger (weapon)
Armour
 a - a +0 robe (worn)
 e - a +0 cloak (worn)
Scrolls
 d - a scroll of magic mapping {unknown}
 f - a scroll of immolation {unknown}
 g - a scroll of identify {unknown}
 i - a scroll of amnesia {unknown}
 j - a scroll of enchant armour {unknown}
Books
 b - a book of Flames

   Spells                             Type                      Level
   a - Flame Tongue                   Conjuration/Fire             1
   b - Throw Flame                    Conjuration/Fire             2
   c - Conjure Flame                  Conjuration/Fire             3
   d - Inner Flame                    Hexes/Fire                   3
   e - Sticky Flame                   Conjuration/Fire             4
   f - Fireball                       Conjuration/Fire             5
Comestibles
 c - 2 bread rations
 l - a chunk of flesh


   Skills:
 + Level 2.8 Dodging
 + Level 3.0 Stealth
 + Level 3.3 Spellcasting
 * Level 2.4 Conjurations
 * Level 3.8 Fire Magic


You had 2 spell levels left.
You knew the following spells:

 Your Spells              Type           Power        Failure   Level  Hunger
a - Flame Tongue          Conj/Fire      ###..        4%          1    None
b - Throw Flame           Conj/Fire      ###...       10%         2    ##.....
c - Conjure Flame         Conj/Fire      ###.....     14%         3    ###....


Dungeon Overview and Level Annotations

Branches:
Dungeon (2/15)

Altars:


Message History

* * * LOW HITPOINT WARNING * * *
You feel sick. The adder bites you but does no damage. The adder bites you.
* * * LOW HITPOINT WARNING * * *
You are more poisoned.
The adder poisons you!
A goblin comes into view. It is wielding a dagger.
It was a potion of berserk rage.
A red film seems to cover your vision as you go berserk!
You feel yourself moving faster!
You feel mighty!
* * * LOW HITPOINT WARNING * * *
You feel sick.
The goblin shouts!
The adder bites you.
* * * LOW HITPOINT WARNING * * *
You are more poisoned.
The adder poisons you!
You miss the adder.
The adder is severely wounded.
The adder bites you.
You die...

(.###.#...####....###.#
#......###.. #...## #.#
#.####.......#.#.###(.#
..# #####.....#..(..###
#.....# ###..#.##....#
#.###.# #..#..#.##...#
#.# #.###...##...# ..#
#.###......# # .##
#..S@.).#### .
#.!.....# #..###.....#
#g #..##..# #. ...#
#..# .. .... #.. .
#..#. ## ..##.


You could see an adder and a goblin.

Vanquished Creatures
  A gnoll (D:2)
  A worm (D:2)
  3 dart slugs
  A ball python (D:1)
  3 bats (D:1)
  3 giant cockroaches
  A hobgoblin (D:1)
  5 jackals (D:1)
  2 frilled lizards (D:2)
  5 goblins
  4 kobolds
  5 rats
34 creatures vanquished.

Notes
Turn   | Place    | Note
-------+----------+-------------------------------------------
     0 | D:1      | raph the Deep Elf Fire Elementalist began the quest for the Orb.
     0 | D:1      | Reached XP level 1. HP: 10/10 MP: 6/6
   119 | D:1      | Reached XP level 2. HP: 8/15 MP: 0/8
   261 | D:1      | Learned a level 2 spell: Throw Flame
  1221 | D:2      | Reached XP level 3. HP: 19/19 MP: 6/9
  1319 | D:2      | Learned a level 3 spell: Conjure Flame
  1659 | D:2      | HP: 1/28 [adder (1)]
  1660 | D:2      | Slain by an adder

Skill      XL: |  1  2 |
---------------+-------+-----
Conjurations   | 2 |  2.4
Stealth        | 3 |  3.0
Dodging        | |  2.8
Spellcasting   | |  3.3
Fire Magic     | |  3.8

Action                   || total
-------------------------++-------
Melee: Dagger            ||     5
 Cast: Flame Tongue      ||    48
       Throw Flame       ||    13
       Conjure Flame     ||     1
  Use: Potion            ||     1
 Stab: Sleeping          ||     1
  Eat: Chunk             ||     3
Armor: Robe              ||     8
Dodge: Dodged            ||    19
